 Dungeon Crawl Stone Soup version 0.30-a0-782-ge64f9170bb (webtiles) character file.

Game seed: 10680564841069089327

57330 duelista700 the Imperceptible (level 14, -3/73 (77) HPs)
             Began as a Spriggan Enchanter on Feb 23, 2023.
             Was a High Priest of Vehumet.
             Slain by a death yak simulacrum (40 damage)
             ... on level 5 of the Lair of Beasts.
             The game lasted 02:14:00 (28655 turns).

duelista700 the Imperceptible (Spriggan Enchanter) Turns: 28655, Time: 02:14:00

HP:   -3/73 (77)    AC:  5    Str:  8    XL:     14   Next: 45%
MP:   24/24         EV: 33    Int: 18    God:    Vehumet [*****.]
Gold: 1242          SH:  0    Dex: 24    Spells: 2/25 levels left

rFire   . . .      SeeInvis +    L - +3 dagger (venom)
rCold   . . .      Faith    .    (no shield)
rNeg    . . .      Spirit   .    b - +1 robe
rPois   .          Reflect  .    (helmet restricted)
rElec   .          Harm     .    Y - +1 cloak
rCorr   .          Rampage  .    (gloves unavailable)
Will    ++...                    (boots unavailable)
Stlth   +++++++++                (no amulet)
HPRegen 0.32/turn                o - ring "Lomnaz Xehot" {Dex+3 SInv Stlth+}
MPRegen 0.19/turn                M - +6 ring of dexterity

@: drained, very quick
A: very small, no large weapons, unfitting armour, see invisible, speed 3
a: Renounce Religion


You were on level 5 of the Lair of Beasts.
You worshipped Vehumet.
Vehumet was extremely pleased with you.
You visited 3 branches of the dungeon, and saw 17 of its levels.
You also visited: Ossuary and Bailey.

You collected 1317 gold pieces.
You spent 75 gold pieces at shops.

Inventory:

Hand Weapons
 a - a +1 dagger
 m - a +2 short sword of freezing
 L - a +3 dagger of venom (weapon)
Missiles
 q - 30 poisoned darts
 t - a curare-tipped dart
 F - 6 throwing nets
Armour
 b - a +1 robe (worn)
 K - the +1 tower shield of Bijoux {Will+ Regen+ Dex-3 Stlth+}
   (You found it in a bailey)

   Dex:       It affects your dexterity (-3).
   Regen:     It increases your rate of health regeneration.
   Will:      It increases your willpower.
   Stlth:     It makes you more stealthy.
 W - a +2 buckler of reflection
 Y - a +1 cloak (worn)
Jewellery
 l - a ring of protection from fire
 o - the ring "Lomnaz Xehot" (left hand) {Dex+3 SInv Stlth+}
   (You found it on level 2 of the Dungeon)

   [ring of see invisible]

   Dex:       It affects your dexterity (+3).
   SInv:      It lets you see invisible.
   Stlth:     It makes you more stealthy.
 E - a ring of positive energy
 J - a ring of wizardry
 M - a +6 ring of dexterity (right hand)
 N - a ring of flight
Wands
 h - a wand of quicksilver (25)
 H - a wand of iceblast (2)
 R - a wand of paralysis (12)
 T - a wand of polymorph (4)
Scrolls
 g - a scroll of fear
 j - 4 scrolls of silence
 k - 4 scrolls of enchant weapon
 n - 2 scrolls of enchant armour
 p - 4 scrolls of amnesia
 s - 3 scrolls of fog
 w - 7 scrolls of teleportation
 y - a scroll of magic mapping {unknown}
 A - 3 scrolls of vulnerability
 B - 3 scrolls of noise
 C - 2 scrolls of immolation
 O - a scroll of torment {unknown}
 P - 5 scrolls of identify
 Q - a scroll of blinking
 V - 3 scrolls of brand weapon
Potions
 c - a potion of invisibility
 d - 5 potions of might
 e - 7 potions of curing
 f - 2 potions of brilliance
 i - 3 potions of haste
 r - 5 potions of flight
 u - a potion of mutation
 v - 3 potions of attraction
 z - 5 potions of lignification
 D - 5 potions of degeneration
 G - a potion of ambrosia {unknown}
 I - 2 potions of magic
 S - 2 potions of berserk rage {unknown}
 U - a potion of cancellation {unknown}


   Skills:
 - Level 10.0 Fighting
 - Level 10.2 Short Blades
 - Level 0.6 Staves
 - Level 15.0 Dodging
 + Level 21.4 Stealth
 - Level 0.8 Shields
 - Level 6.1 Spellcasting
 - Level 8.2 Hexes
 - Level 1.2 Transmutations
 - Level 0.5 Fire Magic
 - Level 0.1 Ice Magic
 * Level 5.9 Air Magic
 - Level 0.7 Poison Magic
 * Level 4.2 Evocations


You had 2 spell levels left.
You knew the following spells:

 Your Spells              Type           Power      Damage    Failure   Level
a - Ensorcelled Hibernat  Hex/Ice        40%        N/A       3%          2
b - Confusing Touch       Hex            35%        N/A       1%          3
c - Ignite Poison         Fire/Tmut/Pois 8%         N/A       7%          3
d - Arcjolt               Conj/Air       8%         1d18      24%         5
e - Fireball              Conj/Fire      3%         3d4       56%         5
f - Yara's Violent Unrav  Hex/Tmut       11%        3d6       13%         5

Your spell library contained the following spells:

 Spells                   Type           Power      Damage    Failure   Level
 Iron Shot                Conj/Erth      2%         9d2       98%         6
 Freeze                   Ice            24%        1d4       3%          1
 Lesser Beckoning         Tloc           10%        N/A       19%         2
 Dazzling Flash           Conj/Hex       40%        N/A       1%          3
 Tukima's Dance           Hex            35%        N/A       1%          3
 Kindle Blastsparks       Fire/Tloc/Air  26%        2d12      4%          3
 Frozen Ramparts          Ice            12%        1d2       9%          3
 Hailstorm                Conj/Ice       5%         3d4       10%         3
 Vhi's Electric Charge    Tloc/Air       32%        N/A       11%         3
 Gell's Gravitas          Tloc           5%         N/A       34%         3
 Teleport Other           Tloc           5%         N/A       34%         3
 Freezing Cloud           Conj/Ice/Air   6%         6-21      34%         5
 Irradiate                Conj/Tmut      3%         3d12      52%         5
 Passage of Golubria      Tloc           5%         N/A       75%         4
 Blade Hands              Tmut           4%         N/A       90%         5
 Dragon Form              Tmut           4%         N/A       100%        7
 Maxwell's Capacitive Co  Air            13%        ∞         100%        8


Dungeon Overview and Level Annotations

Branches:
Dungeon (11/15)            Temple (1/1) D:4            Lair (5/5) D:11
 Shoals (0/4) Lair:3       Spider (0/4) Lair:2        Slime (0/5) Lair:4
    Orc (0/2) D:9         Ossuary (visited)          Bailey (visited)

Altars:
Ashenzari
Cheibriados
Dithmenos
Elyvilon
Fedhas
Gozag
Hepliaklqana
Kikubaaqudgha
Makhleb
Nemelex Xobeh
Okawaru
Qazlal
Ru
Sif Muna
Trog
Uskayaw
Vehumet
Wu Jian
Xom
Yredelemnul
Zin
The Shining One
Jiyva

Shops:
D:1 (   D:2 *

Annotations:
D:7 Maggie
Lair:4 exclusion: 4 oklob plants
Lair:5 exclusion: obsidian statue


Innate Abilities, Weirdness & Mutations

You are very small and have problems with some larger weapons.
You are too small for most types of armour.
You have supernaturally acute eyesight. (SInv)
You cover ground extremely quickly. (Speed+++)


Message History

The spectral cane toad completely misses you.
You hit the spectral cane toad but do no damage.
The spectral cane toad is almost destroyed.
You hit the spectral cane toad but do no damage.
The spectral cane toad is almost destroyed.
The spectral cane toad hits you but does no damage.
You hit the spectral cane toad but do no damage.
The spectral cane toad is almost destroyed.
You puncture the spectral cane toad!
You destroy the spectral cane toad!
Vehumet accepts your kill.
Aiming: Throw Flame
Press: ? - help, Shift-Dir - straight line, f - death yak simulacrum
Aim: a death yak simulacrum (100% to hit)
The puff of flame hits the death yak simulacrum but does no damage.
The now-empty wand crumbles to dust.
Aiming: Quicksilver Bolt
Press: ? - help, Shift-Dir - straight line, f/p - death yak simulacrum
Aim: a death yak simulacrum (100% to hit)
The bolt of dispelling energy hits the death yak simulacrum!
The death yak simulacrum is heavily damaged.
You hit the death yak simulacrum.
The death yak simulacrum is heavily damaged.
You hit the death yak simulacrum but do no damage.
The death yak simulacrum is heavily damaged.
The death yak simulacrum completely misses you.
You hit the death yak simulacrum but do no damage.
The death yak simulacrum is heavily damaged.
You hit the death yak simulacrum.
The death yak simulacrum is heavily damaged.
You hit the death yak simulacrum but do no damage.
The death yak simulacrum is heavily damaged.
The death yak simulacrum completely misses you.
You hit the death yak simulacrum but do no damage.
The death yak simulacrum is heavily damaged.
You hit the death yak simulacrum.
The death yak simulacrum is severely damaged.
The death yak simulacrum gores you!! The death yak simulacrum freezes you!!!
Ouch! That really hurt!
You die...

#...#Z.#P##P... #### ####''#''###
♣.. )..##8...8# #8....#..8# ♣8
...8#}:...+ +.....#...# #+
...)#$)...+ #8.####.#)# #)
..(.#8.Y.8# ####...P#'#######
...8###### #....####.....8#
#..###8.8## ###Z#### #.....)#
#####8.⌠.8#####.@.###♣♣##.....8#
).........†.....###....♣#########
######'''########♣.......♣####♣##
.♣.......÷.......................
♣................P........<...###
........#......#.#...........##
..########...######..........##
..## ##....#####...........#
...######......P.#.P..........#


You could see a death yak simulacrum.

Vanquished Creatures
  Nessos (Lair:5)
  Harold (Lair:2)
  6 hydras
  2 catoblepae
  2 two-headed ogres
  A death yak (Lair:5)
  2 skeletal warriors (D:9)
  3 necromancers (Lair:5)
  A lindwurm (Lair:2)
  2 orc knights (Bailey)
  A cyclops (D:9)
  3 manticores
  29 elephants
  3 black mambas
  19 cane toads
  A gargoyle (D:9)
  A rime drake (Lair:4)
  5 komodo dragons
  8 polar bears
  2 trolls
  A wind drake (Lair:3)
  24 blink frogs
  A hornet (D:9)
  5 spectral elephants (Lair:5)
  5 dream sheep
  Sigmund (D:3)
  A shadow (D:11)
  A dire elephant simulacrum (Lair:5)
  A vampire (D:10)
  A wraith (D:9)
  5 wyverns
  32 yaks
  7 basilisks
  A death yak simulacrum (Lair:5)
  2 steam dragons
  3 spectral cane toads (Lair:5)
  2 acid dragons
  19 water moccasins
  8 orc warriors
  A sky beast (D:8)
  8 black bears (Lair:3)
  2 ogres
  22 wolves
  5 centaurs
  A phantom (D:5)
  A kobold brigand (D:9)
  10 scorpions
  11 bullfrogs
  A necrophage (D:8)
  6 killer bees
  7 electric eels
  7 howler monkeys
  3 human zombies (Ossuary)
  3 jellies
  2 centaur zombies (Ossuary)
  4 orc priests
  A gnoll bouda (D:7)
  6 hounds
  3 iguanas
  10 orc wizards
  A scorpion zombie (Ossuary)
  12 hell rats (Lair:5)
  3 mummies (Ossuary)
  11 gnolls
  7 adders
  3 ufetubi
  A worm (D:2)
  3 dart slugs
  35 orcs
  7 bats
  8 endoplasms
  6 giant cockroaches
  2 gnoll zombies (Ossuary)
  29 goblins
  31 hobgoblins
  13 jackals
  18 kobolds
  6 quokkas
  8 ball pythons
  A frilled lizard (D:3)
  A goblin zombie (Ossuary)
  3 hobgoblin zombies (Ossuary)
  2 kobold zombies (Ossuary)
  2 orc zombies (Ossuary)
  3 rats
543 creatures vanquished.

Vanquished Creatures (others)
  A bush (Lair:5)
  62 fungi
  59 plants
  3 toadstools (D:7)
  26 withered plants (Lair:5)
151 creatures vanquished.

Grand Total: 694 creatures vanquished

Notes
Turn   | Place    | Note
-------+----------+-------------------------------------------
     0 | D:1      | duelista700 the Spriggan Enchanter began the quest for the
                  | Orb.
     0 | D:1      | Reached XP level 1. HP: 9/9 MP: 5/5
   121 | D:1      | Reached XP level 2. HP: 13/13 MP: 6/6
   130 | D:1      | Learned a level 2 spell: Ensorcelled Hibernation
   205 | D:1      | Found Ziapn's Antique Weapon Shop.
   524 | D:1      | Reached skill level 5 in Stealth
   693 | D:1      | Reached XP level 3. HP: 16/16 MP: 8/8
  1160 | D:2      | Found Weniutur's General Store.
  1251 | D:2      | Learned a level 3 spell: Confusing Touch
  1590 | D:2      | Found a faded altar of an unknown god.
  2135 | D:2      | Bought a scroll of blinking for 75 gold pieces
  2154 | D:2      | Reached XP level 4. HP: 21/21 MP: 7/10
  2319 | D:2      | Reached skill level 6 in Stealth
  2609 | D:2      | Identified the ring "Lomnaz Xehot" {Dex+3 SInv Stlth+}
  2905 | D:3      | Noticed Sigmund
  2911 | D:3      | Killed Sigmund
  2912 | D:3      | Reached skill level 7 in Stealth
  2912 | D:3      | Reached XP level 5. HP: 24/24 MP: 10/12
  3119 | D:3      | Reached XP level 6. HP: 27/28 MP: 8/13
  3243 | D:3      | Identified the +0 leather armour of the Bellicose God
                  | {*Corrode rPois rF++}
  3758 | D:4      | Reached skill level 8 in Stealth
  4036 | D:4      | Found a sand-covered staircase.
  4078 | Ossuary  | Entered an ossuary
  4199 | Ossuary  | Reached skill level 5 in Hexes
  4387 | Ossuary  | Reached XP level 7. HP: 32/32 MP: 10/15
  4449 | Ossuary  | Reached skill level 5 in Spellcasting
  5011 | Ossuary  | Reached skill level 5 in Short Blades
  5011 | Ossuary  | Reached skill level 5 in Dodging
  5589 | Ossuary  | Reached XP level 8. HP: 36/36 MP: 9/16
  6798 | D:4      | Found the +6 shillelagh "Devastator" {shatter}
  7409 | D:4      | Found a staircase to the Ecumenical Temple.
  7429 | Temple   | Entered the Ecumenical Temple
  7568 | Temple   | Became a worshipper of Vehumet
  7803 | D:5      | Entered Level 5 of the Dungeon
  7976 | D:5      | Found a white marble altar of Elyvilon.
  8329 | D:5      | Found a shimmering altar of Xom.
  8478 | D:5      | Found a shimmering altar of Xom.
  8922 | D:5      | Reached * piety under Vehumet
  8922 | D:5      | Offered knowledge of Magic Dart by Vehumet.
  9273 | D:5      | Reached skill level 9 in Stealth
  9453 | D:6      | Reached XP level 9. HP: 39/39 MP: 12/17
 10005 | D:6      | Reached skill level 10 in Stealth
 10235 | D:7      | Found a bloodstained altar of Trog.
 10379 | D:7      | Found a hazy altar of Hepliaklqana.
 10402 | D:7      | Found an ancient bone altar of Kikubaaqudgha.
 10419 | D:7      | Found a flagged portal.
 10433 | Bailey   | Entered a bailey
 10525 | Bailey   | Offered knowledge of Momentum Strike by Vehumet.
 10533 | Bailey   | Noticed an orc knight
 10533 | Bailey   | Noticed an orc knight
 10549 | Bailey   | Reached ** piety under Vehumet
 10852 | Bailey   | Killed an orc knight
 11002 | Bailey   | Identified the +1 tower shield of Bijoux {Will+ Regen+
                  | Dex-3 Stlth+}
 11158 | Bailey   | Killed an orc knight
 11159 | Bailey   | Reached skill level 10 in Short Blades
 11943 | D:7      | Reached skill level 10 in Dodging
 12311 | D:7      | Noticed a troll
 12323 | D:7      | Killed a troll
 12324 | D:7      | Reached skill level 11 in Stealth
 12324 | D:7      | Reached XP level 10. HP: 44/44 MP: 15/18
 12415 | D:7      | Reached skill level 1 in Fighting
 13114 | D:7      | Noticed Maggie
 14209 | D:8      | Found a blossoming altar of Fedhas.
 14513 | D:9      | Offered knowledge of Inner Flame by Vehumet.
 14689 | D:9      | Noticed a gargoyle
 14748 | D:9      | Reached skill level 12 in Stealth
 14930 | D:9      | Noticed a two-headed ogre
 14937 | D:9      | Killed a two-headed ogre
 14948 | D:9      | Noticed a two-headed ogre
 14990 | D:9      | Noticed a skeletal warrior
 14991 | D:9      | Found a hide-covered altar of Uskayaw.
 14992 | D:9      | Noticed a skeletal warrior
 14993 | D:9      | Found a snail-covered altar of Cheibriados.
 14993 | D:9      | Noticed a skeletal warrior
 14994 | D:9      | Found a basalt altar of Yredelemnul.
 14994 | D:9      | Noticed a skeletal warrior
 14995 | D:9      | Noticed a skeletal warrior
 14996 | D:9      | Killed a skeletal warrior
 14997 | D:9      | Reached skill level 13 in Stealth
 14998 | D:9      | Killed a skeletal warrior
 15125 | D:9      | Found a staircase to the Orcish Mines.
 15158 | D:9      | Reached *** piety under Vehumet
 15177 | D:9      | Reached skill level 14 in Stealth
 15303 | D:9      | Killed a gargoyle
 15510 | D:9      | Noticed an orc knight
 15630 | D:9      | Noticed a cyclops
 15636 | D:9      | Killed a cyclops
 15637 | D:9      | Reached XP level 11. HP: 52/52 MP: 19/21
 15772 | D:10     | Entered Level 10 of the Dungeon
 15821 | D:10     | Reached skill level 15 in Stealth
 16160 | D:10     | Learned a level 3 spell: Ignite Poison
 16351 | D:10     | Offered knowledge of Stone Arrow by Vehumet.
 16868 | D:11     | Noticed a two-headed ogre
 16922 | D:11     | Killed a two-headed ogre
 17300 | D:11     | Found a staircase to the Lair.
 17378 | D:11     | Reached skill level 5 in Fighting
 17511 | D:11     | Reached **** piety under Vehumet
 17668 | Lair:1   | Entered Level 1 of the Lair of Beasts
 17792 | D:11     | Offered knowledge of Lee's Rapid Deconstruction by Vehumet.
 17870 | Lair:1   | Reached skill level 1 in Transmutations
 17893 | Lair:1   | Noticed a catoblepas
 18429 | D:11     | Reached XP level 12. HP: 57/62 MP: 17/22
 18946 | Lair:1   | Killed a catoblepas
 19117 | Lair:1   | Reached skill level 15 in Dodging
 21420 | Lair:2   | Found a hole to the Spider Nest.
 21514 | Lair:2   | Noticed Harold
 21517 | Lair:2   | Killed Harold
 21518 | Lair:2   | Reached skill level 10 in Fighting
 21538 | Lair:2   | Learned a level 5 spell: Arcjolt
 21638 | Lair:2   | Noticed a catoblepas
 21644 | Lair:2   | Killed a catoblepas
 21716 | Lair:2   | Reached skill level 1 in Air Magic
 21868 | Lair:2   | Reached XP level 13. HP: 72/72 MP: 23/23
 21917 | Lair:2   | Reached ***** piety under Vehumet
 22165 | Lair:3   | Offered knowledge of Fireball by Vehumet.
 22191 | Lair:3   | Reached skill level 16 in Stealth
 22646 | Lair:2   | Learned a level 5 spell: Fireball
 22654 | Lair:2   | Learned a level 5 spell: Yara's Violent Unravelling
 22914 | Lair:3   | Found a staircase to the Shoals.
 23273 | Lair:3   | Reached skill level 17 in Stealth
 24416 | Lair:4   | Reached skill level 18 in Stealth
 25087 | Lair:4   | Found a viscous altar of Jiyva.
 25088 | Lair:4   | Found a staircase to the Slime Pits.
 25200 | Lair:5   | Entered Level 5 of the Lair of Beasts
 25209 | Lair:5   | Noticed Nessos
 25220 | Lair:5   | Killed Nessos
 25268 | Lair:5   | Reached skill level 19 in Stealth
 25818 | Lair:5   | Reached skill level 5 in Air Magic
 25830 | Lair:5   | Reached XP level 14. HP: 77/77 MP: 13/24
 26087 | Lair:5   | Offered knowledge of Iron Shot by Vehumet.
 26416 | Lair:5   | Reached skill level 20 in Stealth
 26416 | Lair:5   | Reached skill level 1 in Evocations
 27704 | Lair:5   | Reached skill level 21 in Stealth
 28206 | Lair:5   | Identified the +5 war axe "Illu" {freeze, Dex+3}
 28655 | Lair:5   | Slain by a death yak simulacrum

Illustrated notes

Levels and vault maps discovered:
D:1:      nzn_arrival_crosshair, layout_basic, serial_glass, glass_columns_c,
          glass_columns_b, serial_shops, nicolae_shop_statue_plus
D:2:      minmay_thinvault, layout_basic, serial_shops,
          nicolae_shop_window_shopping, shapermc_ecumenical_altar_ellora,
          minmay_misc_feat_columns
D:3:      layout_basic, uniq_sigmund
D:4:      minmay_goblin_kobold_castle, layout_layer_cave,
          minmay_temple_entry_mini_moons, nicolae_ossuary_entry_ruins
D:5:      layout_loops_corners, mainiacjoe_overflow_concentric_impassable,
          hangedman_feature_mirror, minmay_misc_feat_hallway
D:6:      layout_cave_pools, serial_bayou_lagoon_a,
          minmay_misc_feat_four_crosses, chequers_serial_rivers_micro_c
D:7:      layout_gridville, bloody_trog, nicolae_overflow_squiral,
          enter_bailey_2, grunt_ministairs_15, minmay_gold_behind_fungi,
          water_boxes_lemuel, uniq_maggie
D:8:      layout_cave_pods, mainiacjoe_overflow_small_starburst
D:9:      layout_loops_corners, grunt_temple_overflow_open, orc_0_dummy,
          hellmonk_guarded_unrand_dark_maul
D:10:     layout_roguey, hangedman_decor_diamond_cutter
D:11:     layout_roguey, erik_lair_island
Temple:   eino_temple_lava
Lair:1:   layout_cave_shapes, lemuel_old_faithful, grunt_megastairs_4,
          infiniplex_staircase_pool
Lair:2:   layout_regular_city, dummy_spider_entry, minmay_shattered_shrine,
          uniq_harold
Lair:3:   beast_lair_carwin_large_4, layout_loops_ring,
          minmay_shoals_entry_beasts
Lair:4:   layout_regular_city, minmay_slime_entry_oklob_open
Lair:5:   due_jungle_book, layout_small_grid, uniq_nessos

Skill      XL: |  1  2  3  4  5  6  7  8  9 10 11 12 13 14 |
---------------+-------------------------------------------+-----
Dodging        | 3 4 5 7 10 11 14 15 | 15.0
Stealth        | 5 7 8 9 11 14 15 19 21 | 21.4
Hexes          | 4 5 8 |  8.2
Spellcasting   | 3 4 5 6 |  6.1
Short Blades   | 2 3 6 8 10 | 10.2
Fighting       | 3 6 10 | 10.0
Transmutations | 1 |  1.2
Air Magic      | 1 5 |  5.9
Evocations     | 4 |  4.2
Staves         | |  0.6
Shields        | |  0.8
Fire Magic     | |  0.5
Ice Magic      | |  0.1
Poison Magic   | |  0.7

Action                     |  1- 3 |  4- 6 |  7- 9 | 10-12 | 13-15 || total
---------------------------+-------+-------+-------+-------+-------++-------
  Melee: Dagger            |    86 |    20 |     2 |   236 |   568 ||   912
         Short sword       |       |    69 |   259 |       |       ||   328
         Punch             |       |     1 |     4 |     2 |     7 ||    14
   Cast: Ensorcelled Hiber |    39 |    38 |   196 |   261 |   267 ||   801
         Confusing Touch   |       |     7 |    26 |     8 |     9 ||    50
         Ignite Poison     |       |       |       |     4 |    10 ||    14
         Yara's Violent Un |       |       |       |       |     1 ||     1
  Evoke: Wand              |       |       |     3 |    18 |    35 ||    56
    Use: Scroll            |       |     4 |    11 |    10 |     2 ||    27
         Potion            |       |     1 |     4 |     3 |     6 ||    14
   Stab: Sleeping          |    27 |    43 |   112 |   130 |   102 ||   414
         Distracted        |     1 |       |       |       |     8 ||     9
         Confused          |       |     5 |    11 |     5 |     4 ||    25
 Armour: Robe              |    16 |    16 |    12 |    13 |    25 ||    82
  Dodge: Dodged            |    75 |    71 |   163 |   288 |   605 ||  1202

Table legend: (Time is in decaauts)
 A = Elapsed time spent in this place.
 B = Non-inter-level travel time spent in this place.
 C = Inter-level travel time spent in this place.
 D = Time resting spent in this place.
 E = Time spent auto-exploring this place.
 F = Levels seen in this place.
 G = Mean time per level.
                   A        B        C        D        E       F      G
               +--------+--------+--------+--------+--------+-----+--------+
         Total |  21442 |  20660 |    782 |   6397 |   6552 |  19 | 1128.5 |
       Dungeon |  12244 |  11604 |    640 |   3359 |   4453 |  11 | 1113.1 |
        Temple |    122 |    118 |      4 |      0 |    110 |   1 |  122.0 |
          Lair |   6645 |   6508 |    137 |   1904 |   1797 |   5 | 1329.0 |
       Ossuary |   1373 |   1373 |      0 |    690 |    163 |   1 | 1373.0 |
        Bailey |   1055 |   1055 |      0 |    442 |     27 |   1 | 1055.0 |
               +--------+--------+--------+--------+--------+-----+--------+

Top non-repeatable levels by time:
  Lair:5: 2434 daAuts
    D:11: 2373 daAuts
     D:4: 1842 daAuts
 Ossuary: 1373 daAuts
     D:7: 1251 daAuts
  Lair:3: 1198 daAuts
     D:2: 1177 daAuts
  Lair:1: 1121 daAuts
     D:5: 1105 daAuts
  Bailey: 1055 daAuts
  Lair:4: 1028 daAuts
     D:9: 955 daAuts
  Lair:2: 863 daAuts
     D:1: 840 daAuts
     D:8: 786 daAuts
